 Dungeon Crawl Stone Soup version 0.26-a0-665-gefeb406119 (webtiles) character file.

Game seed: 14809629517802827336

31 Alfie the Covered (level 3, 0/33 HPs)
             Began as a Minotaur Fighter on Oct 15, 2020.
             Succumbed to Sigmund's poison
             ... on level 2 of the Dungeon.
             The game lasted 00:02:12 (1028 turns).

Alfie the Covered (Minotaur Fighter)                Turns: 1028, Time: 00:02:13

Health: 0/33       AC:  9    Str: 21    XL:     3   Next: 7%
Magic:  2/2        EV:  7    Int:  5    God:
Gold:   92         SH:  9    Dex:  9    Spells: 2/2 levels left

rFire    . . .     SeeInvis .   a - +0 long sword
rCold    . . .     Faith    .   c - +0 kite shield
rNeg     . . .     Spirit   .   b - +1 scale mail
rPois    .         Reflect  .   (helmet restricted)
rElec    .         Harm     .   m - scarf {+Inv}
rCorr    .         Rampage  .   (no gloves)
MR       .....                  i - +0 pair of boots
Stlth    ..........             (no amulet)
HPRegen  0.11/turn              (no ring)
MPRegen  0.08/turn              (no ring)

@: lethally poisoned (0 -> -27)
A: retaliatory headbutt, horns 2
a: Evoke Invisibility


You were on level 2 of the Dungeon.
You visited 1 branch of the dungeon, and saw 2 of its levels.

You collected 92 gold pieces.

Inventory:

Hand Weapons
 a - a +0 long sword (weapon)
Armour
 b - a +1 scale mail (worn)
 c - a +0 kite shield (worn)
 i - a +0 pair of boots (worn)
 m - a scarf of invisibility (worn)
Jewellery
 e - an uncursed amulet of magic regeneration {unknown}
 f - an uncursed ring of positive energy {unknown}
Scrolls
 j - 2 scrolls of teleportation
 l - a scroll of identify {unknown}
 n - a scroll of blinking {unknown}
 o - a scroll of noise {unknown}
Potions
 d - a potion of might
 g - a potion of heal wounds {unknown}
 h - a potion of resistance {unknown}
 k - a potion of mutation {unknown}


   Skills:
 + Level 3.9 Fighting
 + Level 3.3 Long Blades
 + Level 4.0 Armour
 + Level 0.1 Dodging
 + Level 4.0 Shields


You had 2 spell levels left.
You didn't know any spells.
Your spell library was empty.

Dungeon Overview and Level Annotations

Branches:
Dungeon (2/15)

Altars:

Annotations:
D:2 Sigmund


Innate Abilities, Weirdness & Mutations

You reflexively headbutt those who attack you in melee.
You have a pair of horns on your head.


Message History

Deactivating autopickup; reactivate with Ctrl-A.
Found a lumpy black potion.
A puff of flame appears from out of thin air!
The puff of flame hits you.
A puff of flame appears from out of thin air!
The puff of flame hits you. Something hits you!
You are lethally poisoned!
You feel sick.
You hit something. Your headbutt misses something.
You feel sick. You block something's attack.
You miss something.
You feel sick. Something hits you but does no damage.
You are more poisoned.
You barely miss something.
* * * LOW HITPOINT WARNING * * *
You feel sick. Something hits you.
* * * LOW HITPOINT WARNING * * *
You are more poisoned.
You miss something.
You die...

### ..# # #.# ..#. #.#
.....# #.# ......
##.##########
#...##.....#.....##
#.....{@........#
##...............#
#...............# ###
#..............!# #.#
#...............# #.#
##...............#
##.#
#...............##
###..#
###.##.....#.....##
....####...###########


There were no monsters in sight!

Vanquished Creatures
  An adder (D:2)
  5 bats
  A giant cockroach (D:1)
  4 goblins
  A hobgoblin (D:1)
  3 kobolds
  A ball python (D:2)
  A frilled lizard (D:1)
  6 rats
23 creatures vanquished.

Notes
Turn   | Place    | Note
-------+----------+-------------------------------------------
     0 | D:1      | Alfie the Minotaur Fighter began the quest for the Orb.
     0 | D:1      | Reached XP level 1. HP: 19/19 MP: 0/0
   276 | D:1      | Reached XP level 2. HP: 27/27 MP: 1/1
   800 | D:2      | Reached XP level 3. HP: 33/33 MP: 2/2
  1011 | D:2      | Noticed Sigmund
  1028 | D:2      | Succumbed to Sigmund's poison

Illustrated notes

Levels and vault maps discovered:
D:1:      saegor_arrival_under_anarchy, layout_basic
D:2:      layout_rooms, chequers_ecumenical_altar_grove,
          uniq_crazy_yiuf_cottage, uniq_sigmund

Skill      XL: |  1  2 |
---------------+-------+-----
Armour         | 4 |  4.0
Long Blades    | 3 |  3.3
Shields        | 4 |  4.0
Fighting       | |  3.9
Dodging        | |  0.1

Action                   || total
-------------------------++-------
Melee: Long sword        ||    58
       Headbutt          ||     4
  Use: Scroll            ||     2
Armor: Scale mail        ||    31
Dodge: Dodged            ||     8
Block: Kite shield       ||    28
       Rpst.: Long sword ||     3

Table legend: (Time is in decaauts)
 A = Elapsed time spent in this place.
 B = Non-inter-level travel time spent in this place.
 C = Inter-level travel time spent in this place.
 D = Time resting spent in this place.
 E = Time spent auto-exploring this place.
 F = Levels seen in this place.
 G = Mean time per level.
                   A        B        C        D        E       F      G
               +--------+--------+--------+--------+--------+-----+--------+
         Total |   1048 |   1023 |     25 |      0 |    763 |   2 |  524.0 |
       Dungeon |   1048 |   1023 |     25 |      0 |    763 |   2 |  524.0 |
               +--------+--------+--------+--------+--------+-----+--------+

Top non-repeatable levels by time:
     D:1: 696 daAuts
     D:2: 352 daAuts
